Map: Ruins of Seras

Players

llllllllllll

  • Race: Terran Terran
  • League: Diamond

State - Winner!

  • Race: Protoss Protoss
  • League: Grandmaster

VOD

Have the link to the VOD?

Description

Time

  • Played on: Dec. 28, 2015, 1:56 a.m.
  • Length: 6:20
Show
View Real Time Build Order
Export as new Build Order

llllllllllll Terran 

Build Orders:  

Get SALT Encoding   

  12  0:01  SCV  
  13  0:13  SCV  
  14  0:18  Supply Depot  
  14  0:25  SCV  
  15  0:40  SCV  
  16  0:43  Barracks  
  16  0:48  Refinery  
  16  0:52  SCV  
  17  1:04  SCV  
  18  1:16  SCV  
  19  1:30  Orbital Command  
  19  1:31  Barracks Reactor  
  19  1:50  Command Center  
  19  1:57  SCV  
  20  2:02  Supply Depot  
  20  2:07  Barracks  
  20  2:08  Marine  
  20  2:12  Marine  
  20  2:14  SCV  
  23  2:26  Marine  
  23  2:29  Marine  
  24  2:31  Barracks  
  25  2:37  SCV  
  25  2:42  Bunker  
  26  2:44  Marine  
  26  2:47  Marine  
  26  2:50  SCV  
  29  2:54  Barracks Tech Lab  
  29  3:02  SCV  
  29  3:04  Marine  
  29  3:05  Marine  
  32  3:11  Orbital Command  
  31  3:17  Marine  
  31  3:18  Stimpack  
  32  3:22  Marine  
  32  3:23  Marine  
  34  3:27  Marine  
  34  3:30  Orbital Command  
  35  3:38  SCV  
  36  3:41  Refinery  
  36  3:42  Factory  
  36  3:47  Barracks Tech Lab  
  36  3:51  SCV  
  36  3:55  Supply Depot  
  35  4:01  Marine x2  
  35  4:02  Marine  
  31  4:15  Marine  
  32  4:19  Marine  
  32  4:20  SCV  
  32  4:22  Marine  
  35  4:29  Marine  
  36  4:32  Marine  
  36  4:33  SCV  
  36  4:34  SCV  
  39  4:45  SCV, Marine  
  41  4:46  SCV  
  42  4:56  Marine x3  
  42  4:59  SCV  
  46  5:06  SCV  
  46  5:35  Supply Depot x2  
  46  5:45  SCV  
  46  5:46  Starport  
  46  5:47  Factory Reactor, Marine  
  46  5:50  SCV  
  46  5:53  Marine  
  46  5:56  Marine  
  46  5:57  Marine  
  46  6:02  SCV  
Show
View Real Time Build Order
Export as new Build Order

State Protoss - Winner!

Build Orders: 1 Gate Expand, Oracle Opening 

Get SALT Encoding   

  12  0:00  Probe (Chrono Boost)  
  13  0:11  Probe (Chrono Boost)  
  14  0:18  Pylon  
  14  0:22  Probe (Chrono Boost)  
  15  0:37  Probe (Chrono Boost)  
  15  0:38  Gateway  
  16  0:44  Assimilator  
  16  0:48  Probe (Chrono Boost)  
  17  0:59  Probe (Chrono Boost)  
  18  1:09  Probe (Chrono Boost)  
  19  1:23  Nexus  
  19  1:26  Probe (Chrono Boost)  
  20  1:37  Cybernetics Core  
  20  1:41  Probe (Chrono Boost)  
  21  1:47  Assimilator  
  21  1:52  Probe (Chrono Boost)  
  22  1:56  Pylon  
  22  2:02  Probe (Chrono Boost)  
  23  2:14  Probe (Chrono Boost), Adept  
  26  2:20  Stargate  
  26  2:25  Probe (Chrono Boost)  
  26  2:27  Warp Gate  
  27  2:35  Probe (Chrono Boost)  
  27  2:36  Probe (Chrono Boost)  
  29  2:46  Probe (Chrono Boost)  
  29  2:47  Mothership Core (Chrono Boost)  
  29  2:51  Assimilator  
  32  2:55  Assimilator  
  32  2:56  Probe (Chrono Boost)  
  33  3:05  Probe (Chrono Boost), Pylon  
  34  3:07  Probe (Chrono Boost)  
  34  3:11  Oracle (Chrono Boost)  
  38  3:14  Probe  
  38  3:19  Probe  
  40  3:25  Probe  
  41  3:31  Probe  
  42  3:35  Probe  
  41  3:42  Pylon  
  41  3:43  Probe  
  41  3:46  Probe  
  43  3:52  Stargate  
  43  3:55  Probe  
  44  4:04  Probe  
  44  4:05  Fleet Beacon  
  44  4:07  Probe (Chrono Boost)  
  46  4:16  Probe (Chrono Boost)  
  47  4:19  Probe (Chrono Boost), Pylon  
  47  4:22  Protoss Air Weapons Level 1  
  47  4:23  Pylon  
  48  4:27  Probe (Chrono Boost)  
  48  4:30  Probe (Chrono Boost)  
  50  4:50  Tempest x2 (Chrono Boost)  
  58  4:56  Gateway  
  58  4:58  Gateway  
  58  5:14  Gateway  
  58  5:15  Twilight Council  
  58  5:28  Tempest x2 (Chrono Boost)  
  66  5:43  Adept  
  68  5:50  Pylon  
  68  5:52  Pylon  
  68  6:01  Adept x2  
  68  6:09  Adept  
  71  6:14  Adept  
Tags
 
Add a new tag
Caveats
  • Supply blocks, unpowered buildings, or Contaminate may cause inaccurate times.
  • Supply counts are checked every 10 seconds.